 Dungeon Crawl Stone Soup version 0.20.1-1-g8b1a95d (webtiles) character file.

142 Lanoc the Insei (level 5, 0/34 HPs)
             Began as an Octopode Transmuter on Dec 3, 2017.
             Was an Initiate of Sif Muna.
             Slain by a hound (4 damage)
             ... on level 4 of the Dungeon.
             The game lasted 00:09:28 (2417 turns).

Lanoc the Insei (Octopode Transmuter)               Turns: 2417, Time: 00:09:29

Health: 0/34       AC:  1    Str:  9    XL:     5   Next: 25%
Magic:  8/8        EV: 14    Int: 22    God:    Sif Muna [......]
Gold:   119        SH:  0    Dex: 12    Spells: 6/9 levels left

rFire    + . .     SeeInvis .     - Unarmed
rCold    + . .     Gourm    .   (no shield)
rNeg     . . .     Faith    .   (helmet restricted)
rPois    +         Spirit   .   (no amulet)
rElec    +         Reflect  .   p - +1 ring of evasion
rCorr    +         Harm     .   (no ring)
MR       .....                  (no ring)
Stlth    +++.......             (no ring)
Regen    0.2/turn               (no ring)
MPRegen  0.2/turn               (no ring)
                                (no ring)
                                (no ring)

@: brilliant, appendage (expiring), resistant
A: almost no armour, stealthy swim, amphibious, 8 rings, constrict 8, tentacle
spike 3, camouflage 1, gelatinous body 1
a: End Transformation, Renounce Religion


You were on level 4 of the Dungeon.
You worshipped Sif Muna.
Sif Muna was noncommittal.
You were hungry.
One of your tentacles had a temporary spike.
You visited 1 branch of the dungeon, and saw 4 of its levels.

You collected 119 gold pieces.

Inventory:

Missiles
 a - 55 arrows
 k - 3 poisoned javelins (quivered)
Jewellery
 p - a +1 ring of evasion (left tentacle)
Wands
 s - a wand of digging (19/24)
Scrolls
 g - a scroll of enchant weapon {unknown}
 h - 2 scrolls of remove curse {unknown}
 i - 2 scrolls of magic mapping {unknown}
 m - 3 scrolls of identify {unknown}
 q - a scroll of fear {unknown}
 r - a scroll of random uselessness {unknown}
 u - a scroll of immolation {unknown}
Potions
 e - a potion of resistance
 j - a potion of brilliance
 n - a potion of magic {unknown}
 o - a potion of lignification {unknown}
 t - a potion of curing {unknown}
Books
 b - a book of Changes

   Spells                             Type                      Level
   a - Beastly Appendage              Transmutation                1
   b - Sticks to Snakes               Transmutation                2
   c - Spider Form                    Transmutation/Poison         3
   d - Ice Form                       Ice/Transmutation            4
   e - Blade Hands                    Transmutation                5
Comestibles
 c - 2 bread rations
 f - 2 royal jellies
 l - a meat ration


   Skills:
 + Level 1.7 Fighting
 + Level 2.4 Dodging
 + Level 1.9 Stealth
 * Level 4.0 Unarmed Combat
 + Level 2.5 Spellcasting
 * Level 3.1 Transmutations


You had 6 spell levels left.
You knew the following spells:

 Your Spells              Type           Power        Failure   Level  Hunger
a - Beastly Appendage     Tmut           ####..       1%          1    None
b - Sticks to Snakes      Tmut           ####....     1%          2    ##.....


Dungeon Overview and Level Annotations

Branches:
Dungeon (4/15)
 Temple: D:4-7

Altars:
Ashenzari
Gozag
Nemelex Xobeh
Sif Muna
Zin


Innate Abilities, Weirdness & Mutations

You cannot wear most types of armour.
You are very stealthy in the water. (Stealth+)
You are amphibious.
You can wear up to eight rings at the same time.
You can use your tentacles to constrict eight enemies at once.
Your skin changes colour to match your surroundings (Stealth+).
Your rubbery body absorbs attacks. (AC +1, EV +1)
One of your tentacles bears a large vicious spike.


Message History

You constrict the gnoll. You constrict the hound. The hound bites you.
* * * LOW HITPOINT WARNING * * *
The gnoll closely misses you. The gnoll hits you with a club.
* * * LOW HITPOINT WARNING * * *
The hound bites you.
* * * LOW HITPOINT WARNING * * *
It was a potion of resistance.
You feel protected.
You constrict the gnoll.
You kill the gnoll!
Sif Muna accepts your kill.
You constrict the gnoll, but do no damage.
You constrict the hound. The hound completely misses you.
The gnoll barely misses you.
It was a potion of brilliance.
You feel clever all of a sudden.
You constrict the gnoll.
You constrict the hound, but do no damage.
The hound bites you.
You die...

#...........##
##...........# .
#...........# ..
#...........# ...
#...........# ....
#...........# .....
##...........#
......##............#
.....lg@.#..........#
......h)###.........#
.......## #.........#
.....>. ##........#
....... #........#
....... ##.......#
....... ##.....##
..##### #.....#
#######


You could see an iguana, a hound and a gnoll.

Vanquished Creatures
  A hound skeleton (D:3)
  2 gnolls (D:4)
  6 adders
  A worm (D:2)
  2 leopard geckos (D:2)
  4 orcs (D:3)
  4 giant cockroaches
  2 goblins (D:1)
  2 hobgoblins (D:2)
  2 jackals (D:1)
  7 kobolds
  3 ball pythons (D:1)
  8 bats
  3 frilled lizards
  5 rats
52 creatures vanquished.

Notes
Turn   | Place    | Note
-------+----------+-------------------------------------------
     0 | D:1      | Lanoc the Octopode Transmuter began the quest for the Orb.
     0 | D:1      | Reached XP level 1. HP: 13/13 MP: 3/3
   149 | D:1      | Reached XP level 2. HP: 18/18 MP: 5/5
   154 | D:1      | Learned a level 2 spell: Sticks to Snakes
   570 | D:2      | Reached skill level 1 in Stealth
   570 | D:2      | Reached XP level 3. HP: 10/23 MP: 6/6
   596 | D:2      | HP: 1/23 [poisoned by an adder]
   963 | D:2      | Found a shattered altar of Ashenzari.
  1160 | D:2      | Found a sparkling altar of Nemelex Xobeh.
  1160 | D:2      | Found an opulent altar of Gozag.
  1192 | D:2      | Reached XP level 4. HP: 17/28 MP: 7/7
  1661 | D:3      | Found a glowing silver altar of Zin.
  1999 | D:3      | Reached XP level 5. HP: 34/34 MP: 6/8
  2044 | D:3      | Found a deep blue altar of Sif Muna.
  2135 | D:3      | Became a worshipper of Sif Muna the Loreminder
  2410 | D:4      | Reached skill level 4 in Unarmed Combat
  2417 | D:4      | Slain by a hound

Skill      XL: |  1  2  3  4  5 |
---------------+----------------+-----
Stealth        | 1 |  1.9
Transmutations | 3 |  3.1
Unarmed Combat | 4 |  4.0
Fighting       | |  1.7
Dodging        | |  2.4
Spellcasting   | |  2.5

Action                   |  1- 3 |  4- 6 || total
-------------------------+-------+-------++-------
Melee: Unarmed           |    62 |    57 ||   119
       Constrict         |    14 |    22 ||    36
       Tentacles         |    13 |     6 ||    19
       Punch             |     2 |     1 ||     3
       Kick              |     2 |     8 ||    10
 Cast: Beastly Appendage |     4 |     7 ||    11
  Use: Potion            |       |     2 ||     2
 Stab: Sleeping          |     5 |     5 ||    10
  Eat: Chunk             |     1 |     3 ||     4
Armor: Skin              |     5 |     7 ||    12
Dodge: Dodged            |    38 |    42 ||    80
